APP
GREAT FALLS VOYAGERS @ BOSTON (APP) RED SOX
09/23/2048
 
TOP OF THE 1ST
Great Falls Voyagers batting - Pitching for Boston (APP) Red Sox : RHP Emile Pirandello
Pitching: RHP Emile Pirandello
Batting: RHB Andy Cotton 0-0: Ball
1-0: Ball
2-0: Ball
3-0: Called Strike
3-1: Called Strike
3-2: Foul Ball, location: 2F
3-2: SINGLE (Line Drive, 89S, EV 99.4 MPH)
Batting: RHB Russ Cornett 0-0: Ball
Andy Cotton steals 2nd base
1-0: Ball
2-0: Foul Ball, location: 2F
2-1: 2-RUN HOME RUN (Flyball, 78XD, EV 99.4 MPH), Distance : 413 ft
Batting: SHB Rob Haney 0-0: Called Strike
0-1: Ball
1-1: Foul Ball, location: 2F
1-2: Strikes out looking
Batting: RHB Brad Adams Jr. 0-0: Ball
1-0: Called Strike
1-1: Ball
2-1: Foul Ball, location: 2F
2-2: Ball
3-2: Strikes out swinging
Batting: RHB Mitch Cuadros 0-0: Ball
1-0: Ball
2-0: Foul Ball, location: 2F
2-1: Foul Ball, location: 2F
2-2: Ball
3-2: Fly out, F8 (Flyball, 8LD, EV 100.6 MPH)
Top of the 1st over - 2 runs, 2 hits, 0 errors, 0 left on base; Great Falls 2 - Boston (APP) 0
BOTTOM OF THE 1ST
Boston (APP) Red Sox batting - Pitching for Great Falls Voyagers : RHP Juan Reyes
Pitching: RHP Juan Reyes
Batting: LHB Javier Cajina 0-0: Swinging Strike
0-1: Called Strike
0-2: Foul Ball, location: 2F
0-2: Ball
1-2: Strikes out swinging
Batting: RHB Kirk Cully 0-0: Ground out 5-3 (Groundball, 5S, EV 92.5 MPH)
Batting: LHB Mike Hutcheson 0-0: Ball
1-0: Ball
2-0: Called Strike
2-1: Foul Ball, location: 2F
2-2: DOUBLE (Line Drive, 9LD, EV 108.8 MPH)
Batting: RHB Bakhtiar Asadov 0-0: Ball
1-0: Called Strike
1-1: Ball
2-1: Ball
3-1: Fly out, F9 (Line Drive, 9D, EV 93.8 MPH)
Bottom of the 1st over - 0 runs, 1 hit, 0 errors, 1 left on base; Great Falls 2 - Boston (APP) 0
TOP OF THE 2ND
Great Falls Voyagers batting - Pitching for Boston (APP) Red Sox : RHP Emile Pirandello
Batting: RHB Tommy Ellington 0-0: Ball
1-0: Swinging Strike
1-1: Ball
2-1: Foul Ball, location: 2F
2-2: Ground out 4-3 (Groundball, 34, EV 75.0 MPH)
Batting: RHB David Laureano 0-0: Swinging Strike
0-1: Ball
1-1: Ball
2-1: Ball
3-1: Base on Balls
Batting: LHB Jose Pereyra 0-0: Called Strike
0-1: Ball
1-1: Swinging Strike
1-2: Ball
2-2: Strikes out looking
Batting: RHB Enrique Gomez 0-0: Ball
David Laureano steals 2nd, throwing error, E2
David Laureano to third
1-0: Foul Ball, location: 2F
1-1: Called Strike
1-2: DOUBLE (Groundball, 5L, EV 97.5 MPH)
David Laureano scores
Batting: RHB Andy Cotton 0-0: Ball
1-0: Foul Ball, location: 2F
1-1: Ball
2-1: Called Strike
2-2: Ball
3-2: Foul Ball, location: 2F
3-2: Foul Ball, location: 2F
3-2: Base on Balls
Batting: RHB Russ Cornett 0-0: Ball
Andy Cotton steals 2nd base
Enrique Gomez steals 3rd base
1-0: Ball
2-0: Ball
3-0: Base on Balls
Batting: SHB Rob Haney 0-0: Ground out 4-3 (Groundball, 4, EV 86.2 MPH)
Top of the 2nd over - 1 run, 1 hit, 1 error, 3 left on base; Great Falls 3 - Boston (APP) 0
BOTTOM OF THE 2ND
Boston (APP) Red Sox batting - Pitching for Great Falls Voyagers : RHP Juan Reyes
Batting: LHB Kien-lung Zou 0-0: Ball
1-0: Called Strike
1-1: Foul Ball, location: 2F
1-2: DOUBLE (Groundball, 3L, EV 100.6 MPH)
Batting: RHB Felix Rangel 0-0: Foul Ball, location: 2F
0-1: Ball
Kien-lung Zou steals 3rd base
1-1: Foul Ball, location: 2F
1-2: SINGLE (Groundball, 4D, EV 107.5 MPH)
Kien-lung Zou scores
Batting: SHB Matsudaira Ikeda 0-0: Called Strike
0-1: Foul Ball, location: 2F
0-2: Strikes out looking
Batting: RHB Luis Nino 0-0: Called Strike
0-1: Ball
1-1: Ball
2-1: Called Strike
2-2: Ball
3-2: 2-RUN HOME RUN (Flyball, 78XD, EV 114.4 MPH), Distance : 432 ft
Batting: RHB Estevan Carrillo 0-0: Ball
1-0: Called Strike
1-1: Foul Ball, location: 2F
1-2: Ball
2-2: Fly out, F9 (Flyball, 89M, EV 80.6 MPH)
Batting: LHB Javier Cajina 0-0: SINGLE (Groundball, 3D, EV 96.9 MPH)
Batting: RHB Kirk Cully 0-0: Called Strike
0-1: Ball
1-1: SINGLE (Groundball, 5S, EV 66.9 MPH) (infield hit)
Javier Cajina to second
Batting: LHB Mike Hutcheson 0-0: SINGLE (Groundball, 6, EV 97.5 MPH)
Javier Cajina to third
Kirk Cully to second
Runner from 3rd tries for Home, SAFE, throw by CF to home
Batting: RHB Bakhtiar Asadov 0-0: Foul Ball, location: 2F
0-1: Ball
1-1: Swinging Strike
1-2: Foul Ball, location: 2F
1-2: Strikes out swinging
Bottom of the 2nd over - 4 runs, 6 hits, 0 errors, 2 left on base; Great Falls 3 - Boston (APP) 4
TOP OF THE 3RD
Great Falls Voyagers batting - Pitching for Boston (APP) Red Sox : RHP Emile Pirandello
Batting: RHB Brad Adams Jr. 0-0: Called Strike
0-1: Ground out 4-3 (Groundball, 4, EV 104.4 MPH)
Batting: RHB Mitch Cuadros 0-0: Ball
1-0: Called Strike
1-1: Ground out 6-3 (Groundball, 56D, EV 100.6 MPH)
Batting: RHB Tommy Ellington 0-0: Ball
1-0: Swinging Strike
1-1: Foul Ball, location: 2F
1-2: Ball
2-2: Ball
3-2: Ground out 6-3 (Groundball, 6M, EV 87.5 MPH)
Top of the 3rd over - 0 runs, 0 hits, 0 errors, 0 left on base; Great Falls 3 - Boston (APP) 4
BOTTOM OF THE 3RD
Boston (APP) Red Sox batting - Pitching for Great Falls Voyagers : RHP Juan Reyes
Batting: LHB Kien-lung Zou 0-0: Foul Ball, location: 2F
0-1: Ball
1-1: Ball
2-1: Ball
3-1: Base on Balls
Batting: RHB Felix Rangel 0-0: Ball
1-0: Called Strike
1-1: Fielders Choice at 2nd, 6-4 (Groundball, 6, EV 93.1 MPH)
Batting: SHB Matsudaira Ikeda 0-0: Ball
1-0: Ball
2-0: Called Strike
2-1: Ground out 5-3 (Groundball, 5S, EV 67.5 MPH)
Felix Rangel to second
Batting: RHB Luis Nino 0-0: Ball
1-0: Ball
2-0: Ball
3-0: Hit by Pitch
Batting: RHB Estevan Carrillo 0-0: Called Strike
0-1: Ball
1-1: 3-RUN HOME RUN (Flyball, 7LD, EV 96.2 MPH), Distance : 359 ft
Pitching: RHP Mark Fedor
Batting: LHB Javier Cajina 0-0: Ground out 4-3 (Groundball, 4M, EV 86.2 MPH)
Bottom of the 3rd over - 3 runs, 1 hit, 0 errors, 0 left on base; Great Falls 3 - Boston (APP) 7
TOP OF THE 4TH
Great Falls Voyagers batting - Pitching for Boston (APP) Red Sox : RHP Emile Pirandello
Batting: RHB David Laureano 0-0: Ball
1-0: SINGLE (Flyball, 8LS, EV 88.1 MPH)
Batting: LHB Jose Pereyra 0-0: Called Strike
0-1: Called Strike
0-2: Strikes out swinging
Batting: RHB Enrique Gomez 0-0: Foul Ball, location: 2F
0-1: Ball
1-1: Called Strike
1-2: Fielders Choice at 2nd, 4-6 (Groundball, 4, EV 105.6 MPH)
Batting: RHB Andy Cotton 0-0: Called Strike
Enrique Gomez steals 2nd base (no throw)
0-1: Ball
1-1: Ball
2-1: Foul Ball, location: 2F
2-2: Foul Ball, location: 2F
2-2: Foul Ball, location: 2F
2-2: Foul Ball, location: 2F
2-2: Foul Ball, location: 2F
2-2: Foul Ball, location: 2F
2-2: Ball
3-2: SINGLE (Line Drive, 56D, EV 99.4 MPH)
Enrique Gomez to third
Runner from 3rd tries for Home, throw by LF and OUT! 7-2
Top of the 4th over - 0 runs, 2 hits, 0 errors, 1 left on base; Great Falls 3 - Boston (APP) 7
BOTTOM OF THE 4TH
Boston (APP) Red Sox batting - Pitching for Great Falls Voyagers : RHP Mark Fedor
Batting: RHB Kirk Cully 0-0: Ball
1-0: Called Strike
1-1: Foul Ball, location: 2F
1-2: Ball
2-2: Ground out 6-3 (Groundball, 6S, EV 64.4 MPH)
Batting: LHB Mike Hutcheson 0-0: Ball
1-0: Called Strike
1-1: SINGLE (Groundball, 4MD, EV 106.9 MPH)
Batting: RHB Bakhtiar Asadov 0-0: Ball
1-0: Ball
2-0: Foul Ball, location: 2F
2-1: Foul Ball, location: 2F
2-2: Grounds into double play, 6-4-3 (Groundball, 6, EV 103.1 MPH)
Bottom of the 4th over - 0 runs, 1 hit, 0 errors, 0 left on base; Great Falls 3 - Boston (APP) 7
TOP OF THE 5TH
Great Falls Voyagers batting - Pitching for Boston (APP) Red Sox : RHP Emile Pirandello
Pitching: RHP Zinedine Lahlafi
Batting: RHB Russ Cornett 0-0: Foul Ball, location: 2F
0-1: Ball
1-1: SOLO HOME RUN (Flyball, 7LD, EV 95.0 MPH), Distance : 363 ft
Batting: SHB Rob Haney 0-0: Foul Ball, location: 2F
0-1: Ball
1-1: Ball
2-1: Ball
3-1: Foul Ball, location: 2F
3-2: Strikes out looking
Batting: RHB Brad Adams Jr. 0-0: Called Strike
0-1: Called Strike
0-2: Foul Ball, location: 2F
0-2: Ground out 4-3 (Groundball, 34D, EV 83.8 MPH)
Batting: RHB Mitch Cuadros 0-0: Swinging Strike
0-1: Swinging Strike
0-2: Ball
1-2: Ball
2-2: Strikes out looking
Top of the 5th over - 1 run, 1 hit, 0 errors, 0 left on base; Great Falls 4 - Boston (APP) 7
BOTTOM OF THE 5TH
Boston (APP) Red Sox batting - Pitching for Great Falls Voyagers : RHP Mark Fedor
Batting: LHB Kien-lung Zou 0-0: Foul Ball, location: 2F
0-1: Ground out 4-3 (Groundball, 4, EV 90.0 MPH)
Batting: RHB Felix Rangel 0-0: Called Strike
0-1: Foul Ball, location: 2F
0-2: Ball
1-2: Ball
2-2: SINGLE (Groundball, 6MD, EV 95.0 MPH)
Batting: SHB Matsudaira Ikeda 0-0: Ball
1-0: Ball
2-0: Fly out, F9 (Line Drive, 89M, EV 100.6 MPH)
Batting: RHB Luis Nino 0-0: Ball
Felix Rangel steals 2nd base
1-0: Called Strike
1-1: Swinging Strike
1-2: Strikes out swinging
Bottom of the 5th over - 0 runs, 1 hit, 0 errors, 1 left on base; Great Falls 4 - Boston (APP) 7
TOP OF THE 6TH
Great Falls Voyagers batting - Pitching for Boston (APP) Red Sox : RHP Zinedine Lahlafi
Batting: RHB Tommy Ellington 0-0: Ball
1-0: Ball
2-0: Called Strike
2-1: Ball
3-1: Swinging Strike
3-2: Fly out, F7 (Flyball, 7D, EV 99.4 MPH)
Batting: RHB David Laureano 0-0: Foul Ball, location: 2F
0-1: Foul Ball, location: 2F
0-2: Ball
1-2: Ball
2-2: Strikes out swinging
Batting: LHB Jose Pereyra 0-0: Swinging Strike
0-1: Swinging Strike
0-2: Ball
1-2: Foul Ball, location: 2F
1-2: Ground out 2-3 (Groundball, 2L, EV 66.2 MPH)
Top of the 6th over - 0 runs, 0 hits, 0 errors, 0 left on base; Great Falls 4 - Boston (APP) 7
BOTTOM OF THE 6TH
Boston (APP) Red Sox batting - Pitching for Great Falls Voyagers : RHP Mark Fedor
Batting: RHB Estevan Carrillo 0-0: Called Strike
0-1: Ball
1-1: Ball
2-1: Ball
3-1: SINGLE (Line Drive, 8RS, EV 106.2 MPH)
Batting: LHB Javier Cajina 0-0: Ball
1-0: Ball
2-0: Called Strike
2-1: SINGLE (Flyball, 6D, EV 92.5 MPH)
Estevan Carrillo to second
Batting: RHB Kirk Cully 0-0: Ball
Passed Ball!
Estevan Carrillo to third
Javier Cajina to second
1-0: Called Strike
1-1: Ball
2-1: Ball
3-1: Swinging Strike
3-2: Ground out 4-3 (Groundball, 34, EV 96.2 MPH)
Batting: LHB Mike Hutcheson 0-0: Intentional Walk
Batting: RHB Bakhtiar Asadov 0-0: Ball
1-0: Foul Ball, location: 2F
1-1: Grounds into fielders choice 5-2 (Groundball, 56, EV 103.8 MPH)
Javier Cajina to third
Mike Hutcheson to second
Batting: LHB Kien-lung Zou 0-0: Called Strike
0-1: Swinging Strike
0-2: Strikes out looking
Bottom of the 6th over - 0 runs, 2 hits, 0 errors, 3 left on base; Great Falls 4 - Boston (APP) 7
TOP OF THE 7TH
Great Falls Voyagers batting - Pitching for Boston (APP) Red Sox : RHP Zinedine Lahlafi
Batting: RHB Enrique Gomez 0-0: Swinging Strike
0-1: Ball
1-1: Ball
2-1: Ball
3-1: Base on Balls
Batting: RHB Andy Cotton 0-0: Called Strike
Enrique Gomez steals 2nd, throwing error, E2
Enrique Gomez to third
0-1: Ball
1-1: Called Strike
1-2: Foul Ball, location: 2F
1-2: Ball
2-2: Fly out, F9 (Line Drive, 9, EV 92.5 MPH)
Batting: RHB Russ Cornett 0-0: Called Strike
0-1: Ground out 6-3 (Groundball, 6, EV 90.6 MPH)
Enrique Gomez scores
Batting: SHB Rob Haney 0-0: Foul Ball, location: 2F
0-1: Foul Ball, location: 2F
0-2: Strikes out swinging
Top of the 7th over - 1 run, 0 hits, 1 error, 0 left on base; Great Falls 5 - Boston (APP) 7
BOTTOM OF THE 7TH
Boston (APP) Red Sox batting - Pitching for Great Falls Voyagers : RHP Mark Fedor
Batting: RHB Felix Rangel 0-0: Ground out 5-3 (Groundball, 56S, EV 65.6 MPH)
Batting: SHB Matsudaira Ikeda 0-0: Called Strike
0-1: Fly out, F9 (Flyball, 9D, EV 99.4 MPH)
Batting: RHB Luis Nino 0-0: Called Strike
0-1: Foul Ball, location: 2F
0-2: Ball
1-2: Ball
2-2: Foul Ball, location: 2F
2-2: Foul Ball, location: 2F
2-2: Ball
3-2: Base on Balls
Pitching: LHP Yusufu Mustafa
Batting: RHB Estevan Carrillo 0-0: Fielders Choice at 2nd, 6-4 (Groundball, 6, EV 89.4 MPH)
Bottom of the 7th over - 0 runs, 0 hits, 0 errors, 1 left on base; Great Falls 5 - Boston (APP) 7
TOP OF THE 8TH
Great Falls Voyagers batting - Pitching for Boston (APP) Red Sox : RHP Zinedine Lahlafi
Batting: RHB Brad Adams Jr. 0-0: Called Strike
0-1: Ball
1-1: Called Strike
1-2: Ball
2-2: DOUBLE (Groundball, 3L, EV 107.5 MPH)
Pitching: RHP Jose Duran
Batting: RHB Mitch Cuadros 0-0: Foul Ball, location: 2F
0-1: Called Strike
0-2: Ball
1-2: Strikes out looking
Batting: RHB Tommy Ellington 0-0: Ball
1-0: Called Strike
1-1: Swinging Strike
1-2: Foul Ball, location: 2F
1-2: Ball
2-2: Fly out, F7 (Flyball, 7, EV 85.0 MPH)
Batting: RHB David Laureano 0-0: Called Strike
0-1: 2-RUN HOME RUN (Flyball, 78XD, EV 100.6 MPH), Distance : 419 ft
Batting: LHB Jose Pereyra 0-0: Ball
1-0: Foul Ball, location: 2F
1-1: Ground out 4-3 (Groundball, 4D, EV 105.0 MPH)
Top of the 8th over - 2 runs, 2 hits, 0 errors, 0 left on base; Great Falls 7 - Boston (APP) 7
BOTTOM OF THE 8TH
Boston (APP) Red Sox batting - Pitching for Great Falls Voyagers : LHP Yusufu Mustafa
Pinch Hitting: RHB Josh Smith 0-0: Called Strike
0-1: Foul Ball, location: 2F
0-2: Ball
1-2: Ball
2-2: Strikes out swinging
Batting: RHB Kirk Cully 0-0: Foul Ball, location: 2F
0-1: Ball
1-1: Called Strike
1-2: Fly out, F9 (Flyball, 89S, EV 89.4 MPH)
Batting: LHB Mike Hutcheson 0-0: Foul Ball, location: 2F
0-1: Swinging Strike
0-2: Foul Ball, location: 2F
0-2: Foul Ball, location: 2F
0-2: SINGLE (Groundball, 34, EV 97.5 MPH)
Batting: RHB Bakhtiar Asadov 0-0: Ball
1-0: Ball
2-0: Fielders Choice at 2nd, 6-4 (Groundball, 6, EV 100.6 MPH)
Bottom of the 8th over - 0 runs, 1 hit, 0 errors, 1 left on base; Great Falls 7 - Boston (APP) 7
TOP OF THE 9TH
Great Falls Voyagers batting - Pitching for Boston (APP) Red Sox : RHP Jose Duran
Now in CF: Joe Booth
Batting: RHB Enrique Gomez 0-0: Ground out 3-1 (Groundball, 34, EV 96.2 MPH)
Batting: RHB Andy Cotton 0-0: Foul Ball, location: 2F
0-1: Foul Ball, location: 2F
0-2: Foul Ball, location: 2F
0-2: Ground out U3 (Groundball, 3S, EV 62.5 MPH)
Batting: RHB Russ Cornett 0-0: Ball
1-0: Ball
2-0: Ball
3-0: Base on Balls
Pinch Hitting: RHB Billy Grubbs 0-0: Foul Ball, location: 2F
0-1: Foul Ball, location: 2F
0-2: Strikes out swinging
Top of the 9th over - 0 runs, 0 hits, 0 errors, 1 left on base; Great Falls 7 - Boston (APP) 7
BOTTOM OF THE 9TH
Boston (APP) Red Sox batting - Pitching for Great Falls Voyagers : LHP Yusufu Mustafa
Pitching: RHP Toyotoshi Matsui
Now at 2B: Billy Grubbs
Now at SS: David Laureano
Batting: LHB Kien-lung Zou 0-0: Called Strike
0-1: Ball
1-1: Foul Ball, location: 2F
1-2: Foul Ball, location: 2F
1-2: Strikes out swinging
Pinch Hitting: LHB Stanislav Parusov 0-0: Ball
1-0: Called Strike
1-1: Foul Ball, location: 2F
1-2: Ball
2-2: Ground out 6-3 (Groundball, 6, EV 85.6 MPH)
Batting: SHB Matsudaira Ikeda 0-0: Ball
1-0: Called Strike
1-1: Swinging Strike
1-2: Strikes out swinging
Bottom of the 9th over - 0 runs, 0 hits, 0 errors, 0 left on base; Great Falls 7 - Boston (APP) 7
TOP OF THE 10TH
Great Falls Voyagers batting - Pitching for Boston (APP) Red Sox : RHP Jose Duran
Pitching: RHP Cedric Tyler
Now at 2B: Stanislav Parusov
Now at 3B: Luis Nino
Now in LF: Kien-lung Zou
Now in RF: Bakhtiar Asadov
Batting: RHB Brad Adams Jr. 0-0: Called Strike
0-1: Ball
1-1: Ball
2-1: Called Strike
2-2: Foul Ball, location: 2F
2-2: Ground out 5-3 (Groundball, 5S, EV 83.8 MPH)
Batting: RHB Mitch Cuadros 0-0: Foul Ball, location: 2F
0-1: Foul Ball, location: 2F
0-2: Ball
1-2: Ground out U3 (Groundball, 3S, EV 91.9 MPH)
Batting: RHB Tommy Ellington 0-0: Ball
1-0: Ball
2-0: Ball
3-0: Called Strike
3-1: Base on Balls
Batting: RHB David Laureano 0-0: Ball
1-0: Called Strike
1-1: Ball
2-1: Swinging Strike
2-2: Foul Ball, location: 2F
2-2: Strikes out swinging
Top of the 10th over - 0 runs, 0 hits, 0 errors, 1 left on base; Great Falls 7 - Boston (APP) 7
BOTTOM OF THE 10TH
Boston (APP) Red Sox batting - Pitching for Great Falls Voyagers : RHP Toyotoshi Matsui
Pinch Hitting: SHB Arihito Hiramoto 0-0: Ball
1-0: Called Strike
1-1: Swinging Strike
1-2: Strikes out swinging
Pinch Hitting: RHB Vladmiri Nugaibekov 0-0: Called Strike
0-1: Foul Ball, location: 2F
0-2: Ball
1-2: Strikes out looking
Batting: RHB Joe Booth 0-0: Called Strike
0-1: Ball
1-1: SINGLE (Groundball, 4M, EV 101.2 MPH) (infield hit)
Batting: RHB Kirk Cully 0-0: Called Strike
Joe Booth steals 2nd, throwing error, E2
Joe Booth to third
0-1: Called Strike
0-2: Strikes out swinging
Bottom of the 10th over - 0 runs, 1 hit, 1 error, 1 left on base; Great Falls 7 - Boston (APP) 7
TOP OF THE 11TH
Great Falls Voyagers batting - Pitching for Boston (APP) Red Sox : RHP Cedric Tyler
Now at 1B: Vladmiri Nugaibekov
Now at 3B: Eric Kent
Pinch Hitting: RHB Francisco Marin 0-0: Foul Ball, location: 2F
0-1: Ball
1-1: Ground out 5-3 (Groundball, 56S, EV 84.4 MPH)
Batting: RHB Enrique Gomez 0-0: Ball
1-0: Hit by Pitch
Batting: RHB Andy Cotton 0-0: Ball
Enrique Gomez is caught stealing 2nd base 2-4
1-0: Foul Ball, location: 2F
1-1: Called Strike
1-2: Foul Ball, location: 2F
1-2: Ball
2-2: Foul Ball, location: 2F
2-2: Foul Ball, location: 2F
2-2: Ball
3-2: SINGLE (Groundball, 6M, EV 106.9 MPH) (infield hit)
Pitching: LHP Jessie Leslie
Batting: RHB Russ Cornett Pickoff Play to 1st, Runner tries for 2nd, OUT after rundown.
Top of the 11th over - 0 runs, 1 hit, 0 errors, 0 left on base; Great Falls 7 - Boston (APP) 7
BOTTOM OF THE 11TH
Boston (APP) Red Sox batting - Pitching for Great Falls Voyagers : RHP Toyotoshi Matsui
Now in LF: David Cortez
Batting: LHB Mike Hutcheson 0-0: Swinging Strike
0-1: Called Strike
0-2: Ball
1-2: Foul Ball, location: 2F
1-2: SINGLE (Groundball, 15S, EV 66.9 MPH) (infield hit)
Batting: RHB Bakhtiar Asadov 0-0: Called Strike
0-1: Foul Ball, location: 2F
0-2: Foul Ball, location: 2F
0-2: Ball
1-2: Hit by Pitch
Mike Hutcheson to second
Batting: LHB Kien-lung Zou 0-0: Fielders Choice at 2nd, 6-4 (Groundball, 6M, EV 98.8 MPH)
Mike Hutcheson to third
Batting: LHB Stanislav Parusov 0-0: Called Strike
0-1: Ball
1-1: Ball
2-1: Ball
3-1: Base on Balls
Kien-lung Zou to second
Pitching: LHP Miguel Moreno
Batting: SHB Matsudaira Ikeda 0-0: Foul Ball, location: 2F
0-1: Fly out, F3 (Popup, 23F, EV 85.6 MPH)
Batting: RHB Eric Kent 0-0: Foul Ball, location: 2F
0-1: Called Strike
0-2: Strikes out swinging
Bottom of the 11th over - 0 runs, 1 hit, 0 errors, 3 left on base; Great Falls 7 - Boston (APP) 7
TOP OF THE 12TH
Great Falls Voyagers batting - Pitching for Boston (APP) Red Sox : LHP Jessie Leslie
Batting: RHB Russ Cornett 0-0: Ball
1-0: Foul Ball, location: 2F
1-1: Foul Ball, location: 2F
1-2: Ball
2-2: Ball
3-2: Foul Ball, location: 2F
3-2: Ground out 6-3 (Groundball, 6, EV 92.5 MPH)
Batting: RHB Billy Grubbs 0-0: Called Strike
0-1: Ground out 5-3 (Groundball, 5L, EV 87.5 MPH)
Batting: RHB Brad Adams Jr. 0-0: Called Strike
0-1: Ball
1-1: Swinging Strike
1-2: Hit by Pitch
Batting: RHB Mitch Cuadros 0-0: Ball
1-0: Ball
2-0: Ball
3-0: Base on Balls
Brad Adams Jr. to second
Batting: RHB Tommy Ellington 0-0: Foul Ball, location: 2F
0-1: Swinging Strike
0-2: Foul Ball, location: 2F
0-2: Foul Ball, location: 2F
0-2: Ball
1-2: Ball
2-2: Fielders Choice at 2nd, 6-4 (Groundball, 6, EV 98.1 MPH)
Top of the 12th over - 0 runs, 0 hits, 0 errors, 2 left on base; Great Falls 7 - Boston (APP) 7
BOTTOM OF THE 12TH
Boston (APP) Red Sox batting - Pitching for Great Falls Voyagers : LHP Miguel Moreno
Batting: RHB Vladmiri Nugaibekov 0-0: Ball
1-0: Foul Ball, location: 2F
1-1: Ball
2-1: Foul Ball, location: 2F
2-2: Ball
3-2: Foul Ball, location: 2F
3-2: Ground out U3 (Groundball, 3, EV 103.1 MPH)
Batting: RHB Joe Booth 0-0: Ball
1-0: Called Strike
1-1: SINGLE (Line Drive, 8RS, EV 96.9 MPH)
Batting: RHB Kirk Cully 0-0: Called Strike
Joe Booth steals 2nd base
0-1: Ball
1-1: Ball
2-1: SINGLE (Groundball, 56D, EV 105.6 MPH)
Joe Booth to third
Runner from 3rd tries for Home, throw by LF and OUT! 7-2
Kirk Cully to second
Batting: LHB Mike Hutcheson 0-0: Called Strike
0-1: Called Strike
0-2: Foul Ball, location: 2F
0-2: Ball
1-2: SINGLE (Line Drive, 5D, EV 111.2 MPH)
Kirk Cully to third
Runner from 3rd tries for Home, throw by LF and OUT! 7-2
Bottom of the 12th over - 0 runs, 3 hits, 0 errors, 1 left on base; Great Falls 7 - Boston (APP) 7
TOP OF THE 13TH
Great Falls Voyagers batting - Pitching for Boston (APP) Red Sox : LHP Jessie Leslie
Batting: RHB David Laureano 0-0: Ball
1-0: Ball
2-0: Ball
3-0: Called Strike
3-1: Called Strike
3-2: Foul Ball, location: 2F
3-2: Base on Balls
Batting: RHB David Cortez 0-0: Foul Ball, location: 2F
0-1: DOUBLE (Line Drive, 89D, EV 105.6 MPH)
David Laureano to third
Batting: RHB Enrique Gomez 0-0: Swinging Strike
0-1: Swinging Strike
0-2: Strikes out looking
Batting: RHB Andy Cotton 0-0: Ball
1-0: Called Strike
1-1: Ball
2-1: Foul Ball, location: 2F
2-2: Ball
3-2: Base on Balls
Pitching: LHP Brad Victor
Batting: RHB Russ Cornett 0-0: Ball
1-0: DOUBLE (Groundball, 5L, EV 100.6 MPH)
David Laureano scores
David Cortez scores
Andy Cotton to third
Runner from 3rd tries for Home, SAFE, throw by LF to home
Batting: RHB Billy Grubbs 0-0: Ball
1-0: Ball
2-0: Foul Ball, location: 2F
2-1: Ball
3-1: Base on Balls
Batting: RHB Brad Adams Jr. 0-0: Ball
1-0: 3-RUN HOME RUN (Line Drive, 78XD, EV 105.6 MPH), Distance : 411 ft
Batting: RHB Mitch Cuadros 0-0: Ball
1-0: Called Strike
1-1: Ball
2-1: Foul Ball, location: 2F
2-2: DOUBLE (Line Drive, 89M, EV 105.0 MPH)
Batting: RHB Tommy Ellington 0-0: Ball
1-0: Ball
2-0: Ball
3-0: Base on Balls
Batting: RHB David Laureano 0-0: Ball
1-0: Ball
2-0: Ball
3-0: Base on Balls
Mitch Cuadros to third
Tommy Ellington to second
Batting: RHB David Cortez 0-0: Called Strike
0-1: Foul Ball, location: 2F
0-2: Ball
1-2: Ball
2-2: Strikes out swinging
Batting: RHB Enrique Gomez 0-0: Ball
1-0: Foul Ball, location: 2F
1-1: Foul Ball, location: 2F
1-2: Ball
2-2: Fly out, F8 (Flyball, 8RM, EV 97.5 MPH)
Top of the 13th over - 6 runs, 4 hits, 0 errors, 3 left on base; Great Falls 13 - Boston (APP) 7
BOTTOM OF THE 13TH
Boston (APP) Red Sox batting - Pitching for Great Falls Voyagers : LHP Miguel Moreno
Batting: RHB Bakhtiar Asadov 0-0: Fly out, F8 (Flyball, 8RXD, EV 93.8 MPH)
Batting: LHB Kien-lung Zou 0-0: Called Strike
0-1: Ball
1-1: Ball
2-1: Ball
3-1: Called Strike
3-2: Foul Ball, location: 2F
3-2: Foul Ball, location: 2F
3-2: Strikes out swinging
Batting: LHB Stanislav Parusov 0-0: Swinging Strike
0-1: Ground out U3 (Groundball, 3, EV 80.6 MPH)
Bottom of the 13th over - 0 runs, 0 hits, 0 errors, 0 left on base; Great Falls 13 - Boston (APP) 7
Tuesday, March 28th , 2023 - OOTP Baseball 23.10 Build 110